 Dungeon Crawl Stone Soup version 0.23-a0-394-g6ce9549 (webtiles) character file.

72027 reaverb the Brawler (level 15, -5/144 HPs)
             Began as a Ghoul Warper on Oct 30, 2018.
             Was the Champion of Wu Jian.
             Slain by a shambling mangrove (24 damage)
             ... on level 1 of the Swamp on Oct 31, 2018.
             The game lasted 01:32:26 (27446 turns).

reaverb the Brawler (Ghoul Warper)                 Turns: 27446, Time: 01:32:27

Health: -5/144     AC: 24    Str: 20    XL:     15   Next: 38%
Magic:  12/16      EV:  4    Int: 15    God:    Wu Jian [******]
Gold:   973        SH:  8    Dex:  8    Spells: 13/17 levels left

rFire    . . .     SeeInvis .     - Unarmed
rCold    + . .     Gourm    .   (no shield)
rNeg     + + +     Faith    .   Q - +1 plate armour {rF+} {!R (allows rF- ring)}
rPois    ∞         Spirit   .   d - +2 helmet
rElec    .         Reflect  +   Z - +2 cloak {MR+}
rCorr    .         Harm     .   (no gloves)
MR       ++...                  N - +2 pair of boots {Stlth+}
Stlth    ..........             e - brooch of Shielding {Reflect SH+8}
HPRegen  0.00/turn              G - ring of wizardry
MPRegen  0.15/turn              g - ring of Gyrybig {rPois rF- Int+5 Slay+4}

@: about to teleport, grasped by roots, very slightly contaminated, rotting,
constricted
A: rotting body, claws 1, carnivore, cold resistance 1, negative energy
resistance 3, inhibited regeneration, torment resistance, unbreathing
a: Wall Jump, Serpent's Lash, Heavenly Storm, Renounce Religion


You were on level 1 of the Swamp.
You worshipped Wu Jian.
Wu Jian was exalted by your worship.
You were not hungry.

You visited 5 branches of the dungeon, and saw 24 of its levels.
You also visited: Ice Cave.

You collected 1751 gold pieces.
You spent 778 gold pieces at shops.

Notes
Turn   | Place    | Note
-------+----------+-------------------------------------------
     0 | D:1      | reaverb the Ghoul Warper began the quest for the Orb.
     0 | D:1      | Reached XP level 1. HP: 17/17 MP: 2/2
   103 | D:1      | Huge Dmg: 3 Dmg
   341 | D:1      | Reached skill level 3 in Unarmed Combat
   341 | D:1      | Reached XP level 2. HP: 21/24 MP: 3/3
   643 | D:1      | Huge Dmg: 5 Dmg
   647 | D:1      | Reached skill level 4 in Unarmed Combat
   647 | D:1      | Reached XP level 3. HP: 19/29 MP: 4/4
  1491 | D:2      | Huge Dmg: 9 Dmg
  1755 | D:2      | Reached skill level 5 in Unarmed Combat
  1755 | D:2      | Reached XP level 4. HP: 25/34 MP: 5/5
  1839 | D:2      | Learned a level 2 spell: Blink
  1842 | D:2      | Learned a level 2 spell: Shroud of Golubria
  2456 | D:2      | Reached XP level 5. HP: 38/42 MP: 6/6
  2745 | D:3      | Huge Dmg: 16 Dmg
  2764 | D:3      | Huge Dmg: 15 Dmg
  2764 | D:3      | HP: 3/45 [orc wizard/magic dart (8)]
  2765 | D:3      | Huge Dmg: 8 Dmg
  2787 | D:2      | HP: 4/45 [orc/+0 club (4)]
  2788 | D:2      | Huge Dmg: 4 Dmg
  3188 | D:3      | Huge Dmg: 11 Dmg
  3191 | D:3      | Huge Dmg: 7 Dmg
  3199 | D:3      | Huge Dmg: 7 Dmg
  3445 | D:3      | Noticed Robin
  3595 | D:2      | Killed Robin
  3595 | D:2      | Reached XP level 6. HP: 45/52 MP: 7/7
  3799 | D:3      | Noticed Natasha
  3806 | D:3      | Killed Natasha
  3806 | D:3      | Reached skill level 6 in Unarmed Combat
  3979 | D:3      | Noticed Natasha
  3981 | D:3      | Found an iron altar of Okawaru.
  3985 | D:3      | Killed Natasha
  4389 | D:3      | Huge Dmg: 5 Dmg
  4391 | D:3      | Huge Dmg: 10 Dmg
  4698 | D:3      | Found an ornate altar of the Wu Jian Council.
  4699 | D:3      | Found a snail-covered altar of Cheibriados.
  4703 | D:3      | Became a worshipper of the Wu Jian Council
  4907 | D:4      | Reached skill level 7 in Unarmed Combat
  5062 | D:4      | Reached skill level 1 in Armour
  5062 | D:4      | Reached XP level 7. HP: 56/58 MP: 8/8
  5152 | D:4      | Found a sparkling altar of Nemelex Xobeh.
  5365 | D:4      | Reached * piety under Wu Jian
  5571 | D:4      | Found a shattered altar of Ashenzari.
  5753 | D:5      | Entered Level 5 of the Dungeon
  5754 | D:5      | Noticed Duvessa
  5754 | D:5      | Noticed Dowan
  6005 | D:5      | Killed Dowan
  6009 | D:5      | Killed Duvessa
  6009 | D:5      | Reached skill level 8 in Unarmed Combat
  6101 | D:5      | Reached XP level 8. HP: 66/66 MP: 9/9
  6148 | D:5      | Noticed a wyvern
  6148 | D:5      | a centaur changed into a wyvern
  6162 | D:5      | Huge Dmg: 8 Dmg
  6166 | D:5      | Killed a wyvern
  6406 | D:5      | Noticed Pikel
  6413 | D:5      | Found a basalt altar of Yredelemnul.
  6413 | D:5      | Found a burning altar of Makhleb.
  6414 | D:5      | Found a hide-covered altar of Uskayaw.
  6651 | D:5      | Killed Pikel
  6754 | D:5      | Found Hyell's Antique Armour Boutique.
  6857 | D:6      | Reached XP level 9. HP: 39/71 MP: 10/10
  7127 | D:6      | Found a staircase to the Ecumenical Temple.
  7358 | D:6      | Reached skill level 9 in Unarmed Combat
  7442 | D:6      | Reached ** piety under Wu Jian
  7491 | D:6      | Found Xavatooh's Gadget Boutique.
  7499 | D:6      | Bought a wand of enslavement (7) for 99 gold pieces
  7969 | D:7      | Found a white marble altar of Elyvilon.
  7997 | D:7      | Huge Dmg: 16 Dmg
  8436 | D:7      | Huge Dmg: 15 Dmg
  8538 | D:7      | Huge Dmg: 13 Dmg
  8744 | D:7      | Huge Dmg: 15 Dmg
  8956 | D:7      | Reached *** piety under Wu Jian
  8956 | D:7      | Reached skill level 10 in Unarmed Combat
  9000 | D:7      | Found Ucrosex's General Store.
  9006 | D:7      | Found Xecisyog's Assorted Antiques.
  9302 | D:8      | Reached skill level 5 in Fighting
  9324 | D:8      | Reached XP level 10. HP: 62/81 MP: 11/11
  9410 | D:8      | Found Puopazaxt's Antique Armour Boutique.
  9418 | D:8      | Bought a pair of glowing boots for 172 gold pieces
  9573 | D:8      | Noticed a two-headed ogre
  9606 | D:8      | Killed a two-headed ogre
  9812 | D:8      | Noticed Erica
  9869 | D:7      | Reached skill level 11 in Unarmed Combat
 10108 | D:9      | Identified a book of Conjurations
 10172 | D:9      | Found a blossoming altar of Fedhas.
 10403 | D:9      | Noticed Maurice
 10430 | D:9      | Huge Dmg: 20 Dmg
 10440 | D:9      | Huge Dmg: 18 Dmg
 10666 | D:8      | Found a blossoming altar of Fedhas.
 10911 | D:8      | Killed Erica
 10995 | D:9      | Found Kaisify's Assorted Antiques.
 11015 | D:10     | Entered Level 10 of the Dungeon
 11079 | D:10     | Reached **** piety under Wu Jian
 11146 | D:10     | Found a glowing golden altar of the Shining One.
 11234 | D:10     | Noticed a two-headed ogre
 11256 | D:10     | Killed a two-headed ogre
 11256 | D:10     | Reached skill level 12 in Unarmed Combat
 11515 | D:10     | Identified a book of Necromancy
 11549 | D:10     | Noticed a two-headed ogre
 11560 | D:10     | Killed a two-headed ogre
 11560 | D:10     | Reached XP level 11. HP: 66/93 MP: 12/12
 11890 | D:9      | Huge Dmg: 23 Dmg
 11891 | D:9      | Huge Dmg: 18 Dmg
 12212 | D:10     | Found a runed door.
 12212 | D:10     | Noticed lessens's ghost (journeyman HaAE)
 12278 | D:11     | Noticed a five-headed hydra
 12349 | D:10     | Huge Dmg: 11 Dmg
 12356 | D:10     | Killed a one-headed hydra
 12873 | D:11     | Noticed a cyclops
 12897 | D:11     | Killed a cyclops
 12897 | D:11     | Reached skill level 10 in Fighting
 12976 | D:11     | Reached skill level 13 in Unarmed Combat
 13171 | D:11     | Found a staircase to the Lair.
 13508 | D:11     | Found a staircase to the Orcish Mines.
 13521 | D:11     | Found a roughly hewn altar of Beogh.
 13722 | D:12     | Found a frozen archway.
 13731 | IceCv    | Entered an ice cave
 13977 | IceCv    | Huge Dmg: 13 Dmg
 13978 | IceCv    | Huge Dmg: 11 Dmg
 13980 | IceCv    | Got an ancient turquoise ring
 13982 | IceCv    | Identified the ring of Gyrybig {rPois rF- Int+5 Slay+4}
                  | (You found it in an ice cave)
 14451 | IceCv    | Reached ***** piety under Wu Jian
 14464 | IceCv    | Identified a book of Ice
 14749 | IceCv    | Reached XP level 12. HP: 97/110 MP: 13/13
 14760 | IceCv    | Reached skill level 14 in Unarmed Combat
 14802 | IceCv    | Huge Dmg: 11 Dmg
 15160 | IceCv    | Huge Dmg: 16 Dmg
 15506 | IceCv    | Noticed a frost giant
 15546 | IceCv    | Identified Syotheh's Papyrus of the Excruciating Mountains
 15608 | IceCv    | Killed a frost giant
 15835 | D:12     | Noticed a two-headed ogre
 15837 | D:12     | Killed a two-headed ogre
 15922 | D:9      | Bought an emerald potion for 32 gold pieces
 16026 | D:7      | Bought a scroll labeled UCRIWASHR XUKHLAQ for 29 gold
                  | pieces
 16026 | D:7      | Bought a scroll of remove curse for 87 gold pieces
 16026 | D:7      | Bought a sedimented ruby potion for 26 gold pieces
 16026 | D:7      | Bought a sedimented green potion for 26 gold pieces
 16123 | D:6      | Bought a wand of digging (6) for 220 gold pieces
 16219 | D:7      | Bought a scroll of teleportation for 87 gold pieces
 16405 | D:12     | Found an opulent altar of Gozag.
 16412 | D:12     | Noticed Fannar
 16426 | D:12     | Killed Fannar
 17046 | D:12     | Reached skill level 15 in Unarmed Combat
 17058 | D:12     | Huge Dmg: 26 Dmg
 17059 | D:12     | Huge Dmg: 18 Dmg
 17297 | D:12     | Noticed a seven-headed hydra
 17306 | D:12     | Huge Dmg: 31 Dmg
 17307 | D:12     | Huge Dmg: 17 Dmg
 17308 | D:12     | Huge Dmg: 18 Dmg
 17309 | D:12     | Huge Dmg: 11 Dmg
 17309 | D:12     | Killed a two-headed hydra
 17650 | D:12     | Huge Dmg: 21 Dmg
 17653 | D:12     | Huge Dmg: 29 Dmg
 17654 | D:12     | Huge Dmg: 18 Dmg
 18043 | D:12     | Reached XP level 13. HP: 90/120 MP: 14/14
 18298 | D:13     | Noticed Urug
 18301 | D:13     | Noticed Urug
 18301 | D:13     | Urug changed into Urug the floating eye
 18303 | D:13     | Paralysed by Urug for 2 turns
 18306 | D:13     | Killed Urug the floating eye
 18524 | D:13     | Found a runed gate.
 18524 | D:13     | Found a runed gate.
 18524 | D:13     | Found a runed gate.
 18525 | D:13     | Noticed a green very ugly thing
 18526 | D:13     | Noticed RichardCranium's ghost (journeyman MiGl)
 19087 | D:13     | Found a gate to the Vaults.
 19087 | D:13     | Noticed a vault guard
 19087 | D:13     | Noticed a vault guard
 19087 | D:13     | Noticed a vault guard
 19088 | D:13     | Noticed a vault guard
 19105 | D:12     | Killed a vault guard
 19200 | D:13     | Killed a vault guard
 19200 | D:13     | Reached skill level 16 in Unarmed Combat
 19211 | D:13     | Killed a vault guard
 19222 | D:13     | Killed a vault guard
 19463 | D:13     | Reached skill level 1 in Stealth
 19535 | D:13     | Found a white marble altar of Elyvilon.
 19994 | Lair:1   | Entered Level 1 of the Lair of Beasts
 20159 | Lair:1   | Reached skill level 5 in Stealth
 21104 | Lair:2   | Huge Dmg: 23 Dmg
 21324 | Lair:2   | Reached XP level 14. HP: 129/132 MP: 15/15
 21563 | Lair:2   | Found the brooch of Shielding {Reflect SH+8}
 21880 | Lair:3   | Found a basalt altar of Yredelemnul.
 21972 | Lair:3   | Found a staircase to the Swamp.
 22094 | Lair:3   | Found a runed gate.
 22094 | Lair:3   | Found a runed gate.
 22094 | Lair:3   | Found a runed gate.
 22097 | Lair:3   | Noticed LizzardofHazz's ghost (journeyman VSFi)
 22215 | Lair:3   | Found a hole to the Spider Nest.
 22434 | Lair:3   | Reached skill level 5 in Translocations
 22587 | Lair:3   | Found a blossoming altar of Fedhas.
 22594 | Lair:3   | Noticed Nergalle
 22609 | Lair:3   | Killed Nergalle
 22908 | Lair:4   | Reached ****** piety under Wu Jian
 23027 | Lair:4   | Found a white marble altar of Elyvilon.
 23651 | Lair:5   | Found a viscous altar of Jiyva.
 23652 | Lair:5   | Found a staircase to the Slime Pits.
 23914 | Lair:6   | Entered Level 6 of the Lair of Beasts
 24145 | Orc:1    | Entered Level 1 of the Orcish Mines
 24164 | Orc:1    | Found a runed gate.
 24165 | Orc:1    | Found a runed gate.
 24166 | Orc:1    | Found a runed gate.
 24166 | Orc:1    | Noticed Ilibb's ghost (journeyman TrMo)
 24198 | Orc:2    | Entered Level 2 of the Orcish Mines
 24495 | Orc:2    | Noticed an orc warlord
 24510 | Orc:2    | Noticed an orc warlord
 24510 | Orc:2    | Noticed a stone giant
 24516 | Orc:2    | Huge Dmg: 40 Dmg
 24517 | Orc:2    | Huge Dmg: 13 Dmg
 24951 | Orc:2    | Found a staircase to the Elven Halls.
 24967 | Orc:2    | Noticed Donald
 24985 | Orc:2    | Killed Donald
 24985 | Orc:2    | Reached skill level 15 in Fighting
 25062 | Orc:1    | Noticed a stone giant
 25073 | Orc:2    | Killed a stone giant
 25073 | Orc:2    | Reached skill level 17 in Unarmed Combat
 25442 | Orc:1    | Noticed Erolcha
 25624 | Orc:2    | Killed a stone giant
 25877 | Orc:2    | Reached XP level 15. HP: 108/141 MP: 16/16
 25892 | Orc:2    | Huge Dmg: 20 Dmg
 25902 | Orc:2    | Killed an orc warlord
 26107 | Orc:2    | Noticed Saint Roka
 26485 | Spider:1 | Entered Level 1 of the Spider Nest
 26763 | Swamp:1  | Entered Level 1 of the Swamp
 26872 | Swamp:1  | Upgraded the game from 0.23-a0-391-g8c51ad5 to
                  | 0.23-a0-394-g6ce9549
 27434 | Swamp:1  | Noticed a thorn hunter
 27439 | Swamp:1  | Identified a book of Party Tricks
 27444 | Swamp:1  | Huge Dmg: 35 Dmg
 27445 | Swamp:1  | Huge Dmg: 22 Dmg
 27446 | Swamp:1  | Slain by a shambling mangrove

Inventory:

Hand Weapons
 b - a +2 scimitar of flaming
 S - a +1 arbalest of freezing
Armour
 d - a +2 helmet (worn)
 N - a +2 pair of boots of stealth (worn)
 Q - a +1 plate armour of fire resistance (worn) {!R (allows rF- ring)}
 Z - a +2 cloak of magic resistance (worn)
Jewellery
 e - the brooch of Shielding (around neck) {Reflect SH+8}
   (You found it on level 2 of the Lair of Beasts)

   [amulet of reflection]

   It shields you and reflects attacks.
   It affects your SH (+8).
 g - the ring of Gyrybig (right claw) {rPois rF- Int+5 Slay+4}
   (You found it in an ice cave)

   [ring of poison resistance]

   It affects your intelligence (+5).
   It affects your accuracy and damage with ranged weapons and melee attacks
   (+4).
   It makes you vulnerable to fire.
   It protects you from poison.
 h - an uncursed ring of flight
 G - a ring of wizardry (left claw)
 R - an uncursed ring of wizardry
 V - an uncursed ring of ice
 Y - an uncursed ring of fire
Wands
 k - a wand of scattershot (7)
 n - a wand of paralysis (21)
 u - a wand of flame (55)
 v - a wand of polymorph (8)
 w - a wand of acid (11)
 y - a wand of enslavement (12)
 z - a wand of digging (6)
 W - a wand of iceblast (18)
 X - a wand of disintegration (13)
Scrolls
 c - 3 scrolls of blinking
 l - 3 scrolls of teleportation
 o - a scroll of magic mapping
 p - a scroll of identify
 q - 3 scrolls of fog
 r - 11 scrolls of remove curse
 E - a scroll of amnesia
 H - 2 scrolls of vulnerability {!r}
 K - a scroll of holy word {unknown}
 P - a scroll of fear {unknown}
Potions
 i - 6 potions of curing
 j - 3 potions of flight
 s - 2 potions of might
 C - 5 potions of agility
 F - 2 potions of haste
 J - 6 potions of heal wounds
 L - 2 potions of resistance
 U - a potion of magic
Miscellaneous
 m - a lamp of fire
 D - a fan of gales (inert)
Comestibles
 a - a chunk of flesh
 f - 49 rations

Table legend:
 A = Turns spent in this place as a percentage of turns spent in the entire game.
 B = Non-inter-level travel turns spent in this place as a percentage of non-inter-level travel turns spent in the entire game.
 C = Inter-level travel turns spent in this place as a percentage of turns spent in this place.
 D = Turns resting spent in this place as a percentage of non-inter-level travel turns spent in this place.
 E = Turns spent auto-exploring this place as a percentage of non-inter-level travel turns spent in this place.
 F = Non-inter-level travel turns spent in this place divided by the number of levels of this place that you've seen.
                   A       B       C       D       E      F
               +-------+-------+-------+-------+-------+----------------------
         Total | 100.0 | 100.0 |   6.2 |  32.9 |  20.1 | 1030.3
       Dungeon |  65.6 |  64.8 |   7.3 |  31.3 |  29.3 | 1193.1
          Lair |  15.8 |  15.5 |   7.8 |  17.6 |   6.9 | 666.5
         Swamp |   2.5 |   2.6 |   3.7 |  27.5 |   0.0 | 658.0
   Spider Nest |   0.4 |   0.4 |   0.0 |  30.6 |   0.0 | 111.0
  Orcish Mines |   8.2 |   8.7 |   0.6 |  54.1 |   0.1 | 1117.5
      Ice Cave |   7.5 |   8.0 |   0.0 |  53.9 |   0.0 | 2051.0
               +-------+-------+-------+-------+-------+----------------------


   Skills:
 + Level 16.2 Fighting
 - Level 0.8 Throwing
 - Level 8.4 Armour
 - Level 4.0 Dodging
 - Level 9.0 Stealth
 + Level 17.9 Unarmed Combat
 - Level 1.7 Spellcasting
 - Level 6.0 Translocations


You had 13 spell levels left.
You knew the following spells:

 Your Spells              Type           Power        Failure   Level  Hunger
a - Blink                 Tloc           N/A          22%         2    ###....
b - Shroud of Golubria    Chrm/Tloc      ##........   58%         2    ###....

Your spell library contained the following spells:

 Spells                   Type           Power        Failure   Level  Hunger
 Gell's Gravitas          Tloc           ###.......   41%         3    ####...
 Lesser Beckoning         Tloc           ###.......   41%         3    ####...
 Teleport Other           Tloc           ###.....     41%         3    ####...
 Passage of Golubria      Tloc           N/A          80%         4    #####..
 Animate Skeleton         Necr           N/A          85%         1    ##.....
 Magic Dart               Conj           #...         85%         1    ##.....
 Pain                     Necr           #...         85%         1    ##.....
 Searing Ray              Conj           #.....       92%         2    ###....
 Dazzling Spray           Conj/Hex       #.....       99%         3    ####...
 Mephitic Cloud           Conj/Pois/Air  #.......     99%         3    ####...
 Regeneration             Chrm/Necr      #.........   99%         3    ####...
 Vampiric Draining        Necr           #.........   99%         3    ####...
 Force Lance              Conj/Tloc      ##......     99%         4    #####..
 Animate Dead             Necr           N/A          100%        4    #####..
 Fulminant Prism          Conj/Hex       #.........   100%        4    #####..
 Iskenderun's Mystic Bla  Conj           #.......     100%        4    #####..
 Irradiate                Conj/Tmut      #.........   100%        5    ######.
 Lee's Rapid Deconstruct  Erth           #.........   100%        5    ######.
 Lightning Bolt           Conj/Air       #.........   100%        5    ######.
 Metabolic Englaciation   Hex/Ice        #.........   100%        5    ######.
 Bolt of Cold             Conj/Ice       #.........   100%        6    #######
 Freezing Cloud           Conj/Ice/Air   #.........   100%        6    #######
 Ozocubu's Refrigeration  Ice            #.........   100%        6    #######
 Simulacrum               Ice/Necr       #.........   100%        6    #######
 Ice Form                 Ice/Tmut       Unusable     N/A         4    N/A

Dungeon Overview and Level Annotations

Branches:
Dungeon (14/15)            Temple (0/1) D:6            Lair (6/6) D:11
  Swamp (1/4) Lair:3       Spider (1/4) Lair:3        Slime (0/5) Lair:5
    Orc (2/2) D:11            Elf (0/3) Orc:2        Vaults (0/5) D:13

Altars:
Ashenzari
Cheibriados
Elyvilon
Fedhas
Gozag
Makhleb
Nemelex Xobeh
Okawaru
Uskayaw
Wu Jian
Yredelemnul
The Shining One
Beogh
Jiyva

Shops:
D:5 [   D:6 }   D:7 **   D:8 [   D:9 *

Annotations:
D:8 exclusion: downstairs
D:9 !Maurcie w/wand of disint, Maurice
D:10 1 runed door, lessens's ghost, journeyman HaAE
D:12 exclusion: downstairs
D:13 3 runed doors, RichardCranium's ghost, journeyman MiGl
Lair:3 3 runed doors, exclusion: oklob plant, LizzardofHazz's ghost, journeyman VSFi
Lair:4 exclusion: oklob plant
Orc:1 !Erochola in pocket with "E" drawn in exclusions, exclusions: downstairs and 7 more exclusions, Erolcha; Ilibb's ghost, journeyman TrMo
Orc:2 !Saint Roka w/ holy wraith weapon, exclusion: upstairs, Saint Roka


Innate Abilities, Weirdness & Mutations

Your body is rotting away.
You thrive on raw meat.
You are immune to poison.
You have sharp fingernails.
You are carnivorous and can eat meat at any time.
Your flesh is cold resistant. (rC+)
You are immune to negative energy. (rN+++)
You do not regenerate when monsters are visible.
You are immune to unholy pain and torment.
You can survive without breathing.


Message History

Moving in this stuff is going to be slow.
You enter the shallow water.
Moving in this stuff is going to be slow.
An insubstantial wisp comes into view. x2
The insubstantial wisp gives a chilling moan. x2
An insubstantial wisp comes into view.
The insubstantial wisp gives a chilling moan.
A thorn hunter comes into view.
An insubstantial wisp comes into view.
A spiny frog comes into view.
The spiny frog gives a loud, deep croak!
The insubstantial wisp gives a chilling moan.
The thorn hunter fires a volley of thorns at you.
The volley of thorns hits you!
The insubstantial wisp blinks!
An insubstantial wisp comes into view.
Damage: -5%(-8hp) hp: 95%(136hp)
A tyrant leech and a shambling mangrove come into view.
Roots burst forth from the earth!
The grasping roots grab you! The grasping roots constrict you.
The thorn hunter fires a volley of thorns at you.
The volley of thorns hits you!
Damage: -15%(-21hp) hp: 80%(115hp) Unknown command.
Unknown command.
Unknown command.
Unknown command.
The roots' grasp on you weakens, but your attempt to escape fails.
The grasping roots constrict you.
The insubstantial wisp blinks!
Unknown command.
Unknown command.
Unknown command.
Unknown command.
Unknown command.
You escape the roots' grasp.
You lunge at the thorn hunter, in a flurry of attacks.
You scratch the thorn hunter but do no damage.
You closely miss the thorn hunter.
The thorn hunter hits you but does no damage.
The thorn hunter hits you.
You see here a book of Party Tricks.
Damage: -0%(-1hp) hp: 80%(114hp)
Okay, then.
Evoke which item? (* to show all) (? for menu, Esc to quit)
A fierce wind blows from the fan.
The insubstantial wisps are blown away by the wind.
You block the thorn hunter's attack. The thorn hunter closely misses you.
The insubstantial wisp blinks!
You claw the thorn hunter!
The thorn hunter is lightly damaged.
You block the thorn hunter's attack. x2; Roots burst forth from the earth!
The grasping roots grab you! The grasping roots constrict you!
Damage: -7%(-10hp) hp: 73%(104hp)
You scratch the thorn hunter but do no damage.
The thorn hunter is lightly damaged.
The spiny frog stings you but does no damage.
The thorn hunter hits you. x2
The insubstantial wisp hits you but does no damage.
Damage: -5%(-7hp) hp: 68%(97hp)
You mangle the thorn hunter!!
The thorn hunter is heavily damaged.
The grasping roots constrict you!!
The insubstantial wisp blinks!
You block the spiny frog's attack.
The tyrant leech bites you but does no damage.
The thorn hunter fires a volley of thorns at you.
The volley of thorns hits you!
* * * LOW HITPOINT WARNING * * *
Huge Dmg: -24%(-35hp) hp: 44%(62hp)
As you read the scroll of teleportation, it crumbles to dust.
You feel strangely unstable.
The insubstantial wisp blinks!
You block the spiny frog's attack. The thorn hunter hits you!
* * * LOW HITPOINT WARNING * * *
You block the thorn hunter's attack.
* * * LOW HITPOINT WARNING * * *
The grasping roots constrict you!
The insubstantial wisp blinks!
The tyrant leech bites you but does no damage.
Huge Dmg: -16%(-22hp) hp: 28%(40hp) Cast which spell? (? or * to list)
You miscast Blink.
You are very lightly contaminated with residual magic.
Nothing appears to happen.
The spiny frog stings you.
* * * LOW HITPOINT WARNING * * *
The thorn hunter gestures.
Thorny briars emerge from the ground!
The insubstantial wisp hits you but does no damage. x2
* * * LOW HITPOINT WARNING * * *
The grasping roots constrict you.
Damage: -5%(-8hp) hp: 23%(32hp)
Casting: Blink (safe; 22% risk of failure)
Confirm with . or Enter, or press ? or * to list all spells.
The roots' grasp on you weakens, but your attempt to escape fails.
The spiny frog barely misses you. You block the thorn hunter's attack.
The thorn hunter hits you.
* * * LOW HITPOINT WARNING * * *
The tyrant leech bites you!
* * * LOW HITPOINT WARNING * * *
The insubstantial wisp blinks!
The insubstantial wisp hits you.
* * * LOW HITPOINT WARNING * * *
The insubstantial wisp blinks!
You die...

♣≈♣♣♣ .≈♣
♣♣♣.≈≈≈≈≈...≈≈≈≈≈≈
.♣♣♣♣♣♣..♣♣.≈≈≈≈.≈....≈≈≈
.♣♣♣≈≈.......≈≈≈.≈...≈§≈.
≈≈.....≈≈≈.≈≈......≈≈.P≈.
≈.≈≈≈..≈≈≈≈≈≈≈§≈≈≈.≈≈PP..
..≈≈.♣≈....≈♣.≈≈≈..≈≈PP..
≈♣♣[...≈§.♣♣♣≈.≈wf.≈≈PP..
≈≈.♣♣.≈≈.≈♣♣♣.≈f@F.v≈PP..
≈≈.♣♣≈≈≈..♣♣..≈≈§§.v§.P..
≈≈.♣♣♣.≈≈......≈..≈≈§PP.≈
≈≈≈♣♣♣♣≈≈≈..§≈≈v≈....♣♣.≈
♣♣♣≈♣♣♣...≈≈≈≈≈≈≈...v.P.≈
♣...≈♣♣♣♣.≈≈≈≈.........≈≈
.§≈≈♣♣♣♣..≈≈≈..♣♣.≈≈≈..v≈
≈≈≈≈♣♣♣...≈≈≈≈≈..≈≈≈≈≈...
≈≈.♣♣...≈≈≈≈≈≈≈≈...≈≈....


You could see a thorn hunter, a shambling mangrove, a tyrant leech, a spiny frog
and 5 insubstantial wisps.

Table legend:
 A = Kills in this place as a percentage of kills in entire the game.
 B = Kills by you in this place as a percentage of kills by you in the entire game.
 C = Kills by friends in this place as a percentage of kills by friends in the entire game.
 D = Other kills in this place as a percentage of other kills in the entire game.
 E = Experience gained in this place as a percentage of experience gained in the entire game.
 F = Experience gained in this place divided by the number of levels of this place that you have seen.
                   A       B       C       D       E      F
               +-------+-------+-------+-------+-------+----------------------
         Total | 100.0 | 100.0 | 100.0 | 100.0 | 100.0 | 4115.8
       Dungeon |  56.9 |  57.0 |   0.0 |   0.0 |  34.1 | 2502.6
          Lair |  19.3 |  19.4 |   0.0 |   0.0 |  29.1 | 4989.0
         Swamp |   3.6 |   3.6 |   0.0 |   0.0 |   7.6 | 7817.0
   Spider Nest |   1.0 |   1.0 |   0.0 |   0.0 |   2.1 | 2184.0
  Orcish Mines |  12.4 |  12.3 |   0.0 | 100.0 |  16.6 | 8526.0
      Ice Cave |   6.8 |   6.7 | 100.0 |   0.0 |  10.6 | 10872.0
               +-------+-------+-------+-------+-------+----------------------

Vanquished Creatures
  Donald (Orc:2)
  A frost giant (IceCv)
  An orc warlord (Orc:2)
  2 stone giants (Orc:2)
  An ogre mage (Orc:2)
  Fannar (D:12)
  4 vault guards
  3 hydras
  Erica (D:8)
  A centaur warrior (D:14)
  7 two-headed ogres
  4 alligators (Swamp:1)
  Nergalle (Lair:3)
  A deep troll (Orc:2)
  2 unseen horrors (D:13)
  An orc knight (Orc:2)
  Pikel (D:5)
  A wolf spider zombie (D:13)
  A wolf spider (Spider:1)
  2 orc sorcerers (Orc:2)
  2 cyclopes
  3 manticores
  3 black mambas
  An ice statue (IceCv)
  17 elephants
  A gargoyle (D:12)
  11 spiny frogs
  3 rime drakes
  4 komodo dragons
  A queen bee (Lair:1)
  5 trolls
  4 jumping spiders
  8 polar bears (IceCv)
  A hornet (Spider:1)
  A tyrant leech (Swamp:1)
  A wind drake (shapeshifter) (D:14)
  3 blink frogs (Lair:4)
  2 bog bodies (Swamp:1)
  8 hippogriffs
  5 slime creatures
  A redback (Lair:3)
  2 tarantellas (Spider:1)
  2 vampires (D:12)
  A basilisk (Lair:1)
  A wyvern (D:5)
  45 yaks
  5 vampire mosquitoes
  12 water moccasins
  4 swamp worms (Swamp:1)
  5 wargs
  5 insubstantial wisps (Swamp:1)
  4 porcupines
  Duvessa (D:5)
  A hell hound (D:14)
  A floating eye (D:13)
  19 orc warriors
  3 swamp drakes (Swamp:1)
  2 sky beasts
  2 ice beasts
  A slave (D:4)
  A black bear (D:13)
  An eye of draining (D:9)
  12 ogres
  4 phantoms
  5 necrophages
  23 wolves
  8 centaurs
  6 crocodiles
  2 big kobolds
  16 bullfrogs
  A wyvern zombie (D:12)
  A wyvern skeleton (D:9)
  Dowan (D:5)
  6 scorpions
  25 killer bees (Lair:1)
  5 wights (D:7)
  5 electric eels (Lair:3)
  5 howler monkeys
  8 crimson imps
  8 hounds
  3 jellies
  5 bullfrog skeletons
  20 orc priests
  24 orc wizards
  4 iguanas
  2 centaur skeletons
  Natasha (twice) (D:3)
  13 worker ants
  A hound skeleton (D:4)
  Robin (D:2)
  A worker ant zombie (D:8)
  5 gnolls
  10 adders
  3 shadow imps
  An ooze (D:1)
  An adder skeleton (D:7)
  2 worms
  A dart slug (D:1)
  8 leopard geckos
  106 orcs
  7 bats
  5 giant cockroaches
  19 goblins
  13 hobgoblins
  22 jackals
  3 quokkas
  2 ball pythons
  6 frilled lizards
  2 jackal skeletons
  A jackal zombie (D:6)
  10 kobolds
  8 rats
  3 butterflies (Lair:1)
  3 plants (Lair:3)
698 creatures vanquished.

Vanquished Creatures (collateral kills)
  A polar bear (IceCv)
1 creature vanquished.

Vanquished Creatures (others)
  A wolf (IceCv)
  A howler monkey skeleton (D:9)
  An orc (Orc:1)
  8 plants
11 creatures vanquished.

Grand Total: 710 creatures vanquished

Action                   |  1- 3 |  4- 6 |  7- 9 | 10-12 | 13-15 || total
-------------------------+-------+-------+-------+-------+-------++-------
Melee: Unarmed           |   107 |   250 |   536 |   740 |  1134 ||  2767
       Punch             |     1 |     4 |     6 |    29 |    55 ||    95
       Scimitar          |       |       |       |    14 |     6 ||    20
Throw: Tomahawk          |       |       |     2 |     3 |     1 ||     6
 Cast: Blink             |       |     1 |       |       |     4 ||     5
Invok: Lunge             |       |       |    22 |    29 |    68 ||   119
       Whirlwind         |       |       |    13 |    49 |   115 ||   177
       Serpent's Lash    |       |       |       |     2 |       ||     2
       Heavenly Storm    |       |       |       |     1 |       ||     1
 Abil: Wall Jump         |       |       |       |     4 |     5 ||     9
Evoke: Wand              |       |     2 |     7 |    28 |     9 ||    46
       Fan of gales      |       |       |       |       |     2 ||     2
  Use: Potion            |       |     3 |     1 |     5 |     2 ||    11
       Scroll            |       |     1 |     3 |     8 |    17 ||    29
 Stab: Invisible         |       |       |       |     1 |     2 ||     3
  Eat: Chunk             |     3 |    13 |    17 |    55 |    56 ||   144
       Ration            |       |       |       |     1 |       ||     1
Armor: Leather armour    |    20 |     2 |       |       |       ||    22
       Ring mail         |       |    96 |    31 |       |       ||   127
       Crystal plate arm |       |       |   304 |   410 |       ||   714
       Plate armour      |       |       |       |   186 |   588 ||   774
Dodge: Dodged            |    66 |   113 |    61 |   135 |   297 ||   672
Block: Other             |       |       |       |       |   194 ||   194
       Reflection        |       |       |       |       |     5 ||     5
